AoeStats
← Reinforcement

Glade

503202437Analyzed
1v1 RM · 1mo ago on Aug 30, 2026· 32m 34s· 2 players
Game mode
Random Map
Map size
Tiny (2 player)
Population
200
Speed
Normal
Resources
Standard
Victory
Conquest
Starting age
Dark Age
Ending age
Imperial Age
RankedLock teamsTeams togetherTeam positionsShared explorationLock speedFull tech treeHidden civsTurbo modeCheats
Victory
Defeat
🇷🇺 Bulgarians · Russia
931
+15
🇷🇸 Franks · Serbia
916
-15
Reinforcement
7:54 Loom
9:58 Feudal Age
10:51 Double-Bit Axe
18:02 Wheelbarrow
20:52 Castle Age
20:32 Scale Barding Armor
26:13 Hand Cart
27:13 Town Watch
30:00 Fletching
33:08 Chain Barding Armor
aztek78
4:25 Loom
10:28 Feudal Age
11:00 Double-Bit Axe
11:58 Wheelbarrow
11:08 Horse Collar
19:38 Castle Age
18:04 Gold Mining
18:52 Scale Mail Armor
20:28 Arson
20:04 Pikeman
22:02 Chain Mail Armor
22:29 Forging
22:23 Squires
23:09 Fletching
25:19 Bodkin Arrow
31:29 Masonry
32:11 Murder Holes
Connection lost

Rejoining the realm…

Still unreachable

The connection could not be restored.

Session expired

The server has moved on; the page needs a fresh start.